 Dungeon Crawl Stone Soup version 0.17-a0-1105-gbe8b664 (webtiles) character file.

37 Hanyuu the Insei (level 3, -4/23 HPs)
             Began as an Octopode Transmuter on May 22, 2015.
             Slain by an iron imp (11 damage)
             ... summoned by Natasha
             ... on level 2 of the Dungeon.
             The game lasted 00:02:10 (1095 turns).

Hanyuu the Insei (Octopode Transmuter)              Turns: 1095, Time: 00:02:10

Health: -4/23      AC:  2    Str:  9    XL:     3   Next: 41%
Magic:  0/6        EV: 19    Int: 16    God:
Gold:   0          SH:  0    Dex: 17    Spells: 3 memorised, 0 levels left

rFire  . . .     SeeInvis .       - Unarmed
rCold  . . .     Clarity  .     (shield currently unavailable)
rNeg   . . .     SustAb   .     (helmet currently unavailable)
rPois  x         Gourm    .     (no amulet)
rElec  .         Spirit   .     (no ring)
rCorr  .         Warding  .     (no ring)
rMut   .         Stasis   .     (no ring)
MR     .....                    (no ring)
Stlth  ++........               (no ring)
                                (no ring)
                                (no ring)
                                (no ring)

@: spider-form (expiring), very slightly contaminated, not resistant to hostile
enchantments, unstealthy
A: almost no armour, amphibious, 8 rings, (constrict 8), (camouflage 0),
(gelatinous body 0)
a: End Transformation


You were on level 2 of the Dungeon.
You were hungry.
You were a venomous arachnid creature.
You visited 1 branch of the dungeon, and saw 2 of its levels.

Inventory:

Hand weapons
 a - a +0 hunting sling
Missiles
 f - 12 arrows
 g - 4 curare-tipped needles
Scrolls
 e - a scroll of enchant weapon {unknown}
 i - a scroll of amnesia {unknown}
Potions
 d - a potion of curing {unknown}
Books
 b - a book of Changes

   Spells                             Type                      Level
   a - Beastly Appendage              Transmutation                1
   b - Sticks to Snakes               Transmutation                2
   c - Spider Form                    Transmutation/Poison         3
   d - Ice Form                       Ice/Transmutation            4
   e - Blade Hands                    Transmutation                5
Comestibles
 c - a bread ration
 h - 4 chunks of flesh


   Skills:
 - Level 1.0 Fighting
 - Level 2.0 Dodging
 + Level 4.3 Unarmed Combat
 - Level 2.0 Spellcasting
 - Level 2.0 Transmutations


You couldn't memorise any spells.
You knew the following spells:

 Your Spells              Type           Power        Failure   Level  Hunger
a - Beastly Appendage     Trmt           #.....       24%         1    #......
b - Sticks to Snakes      Trmt           #.........   32%         2    ###....
c - Spider Form           Trmt/Pois      #.........   61%         3    ###....


Dungeon Overview and Level Annotations

Branches:
Dungeon (2/15)

Altars:

Annotations:
D:2 Natasha


Innate Abilities, Weirdness & Mutations

You cannot wear most types of armour.
You are amphibious.
You can wear up to eight rings at the same time.
((You can use your tentacles to constrict eight enemies at once.))
((Your skin changes colour to match your surroundings (Stealth).))
((Your rubbery body absorbs attacks (AC +1).))


Message History

Confirm with . or Enter, or press ? or * to list all spells.
You miscast Spider Form.
You are very lightly contaminated with residual magic.
Your skin glows momentarily.
Natasha casts a spell at you. The magic dart hits you!
Casting: Spider Form
Confirm with . or Enter, or press ? or * to list all spells.
You turn into a venomous arachnid creature.
Your transformation is almost over.
Natasha casts a spell.
You hit Natasha but do no damage.
Natasha is poisoned.
Natasha misses you.
You hit Natasha.
Natasha is moderately wounded.
The iron imp shouts, "Return whence thou came, thou peeagling mumble-news bounder!"
The iron imp hits you! Natasha misses you.
You completely miss Natasha.
Natasha is moderately wounded.
The iron imp hits you!
You die...

.####...... #........#
............
#........+ ...........
#........# ...........
#........# ..........
#........# .........#
#........# ........#
#........#
###....######.........
#....s5...............
#...h#........######..
#....#........# ###
#....#........#
#....#........#
#....#........#
#....#........#
#....#........#


You could see an iron imp and Natasha.

Vanquished Creatures
  An adder (D:2)
  An ooze (D:2)
  2 bats (D:2)
  4 giant cockroaches
  4 goblins (D:1)
  4 hobgoblins (D:1)
  3 jackals (D:1)
  A giant newt (D:1)
  A rat (D:1)
21 creatures vanquished.

Notes
Turn   | Place    | Note
--------------------------------------------------------------
     0 | D:1      | Hanyuu the Octopode Transmuter began the quest for the Orb.
     0 | D:1      | Reached XP level 1. HP: 13/13 MP: 3/3
   154 | D:1      | Reached XP level 2. HP: 9/18 MP: 5/5
   820 | D:1      | Reached skill level 4 in Unarmed Combat
   939 | D:2      | Reached XP level 3. HP: 17/23 MP: 4/6
   943 | D:2      | Learned a level 2 spell: Sticks to Snakes
   947 | D:2      | Learned a level 3 spell: Spider Form
  1089 | D:2      | Noticed Natasha
  1095 | D:2      | Slain by an iron imp

Vault maps used:
D:1:      dpeg_arrival_erosion
D:2:      item_on_display_a, uniq_natasha

Action                   || total
-------------------------++-------
Melee: Unarmed           ||    57
 Cast: Beastly Appendage ||     1
       Spider Form       ||     1
 Stab: Sleeping          ||     4
